 Dungeon Crawl Stone Soup version 0.19-a0-1201-gda63bca (webtiles) character file.

170 st0uf the Shield-Bearer (level 5, 0/46 HPs)
             Began as a Minotaur Fighter on Aug 20, 2016.
             Slain by Crazy Yiuf
             ... wielding a +2 quarterstaff of chaos
              (5 damage)
             ... on level 3 of the Dungeon.
             The game lasted 00:07:59 (1921 turns).

st0uf the Shield-Bearer (Minotaur Fighter)          Turns: 1921, Time: 00:07:59

Health: 0/46       AC:  7    Str: 21    XL:     5   Next: 26%
Magic:  4/4        EV:  8    Int:  5    God:
Gold:   136        SH:  9    Dex: 10    Spells: 0 memorised, 4 levels left

rFire  . . .     SeeInvis .     a - +0 flail
rCold  . . .     Gourm    .     b - +0 scale mail
rNeg   . . .     Faith    .     c - +0 shield
rPois  .         Spirit   .     (helmet restricted)
rElec  .         Dismiss  .     (no cloak)
rCorr  .         Reflect  .     (no gloves)
MR     .....     Harm     .     (no boots)
Stlth  ..........               (no amulet)
                                (no ring)
                                (no ring)

@: slowed, drained, very slow
A: retaliatory headbutt, horns 2
a: no special abilities


You were on level 3 of the Dungeon.
You were not hungry.

You visited 1 branch of the dungeon, and saw 3 of its levels.

You collected 136 gold pieces.

Inventory:

Hand Weapons
 a - a +0 flail (weapon)
Armour
 b - a +0 scale mail (worn)
 c - a +0 shield (worn)
 s - a +0 pair of gloves
Jewellery
 v - an uncursed ring of protection from magic {unknown}
 w - an uncursed ring of flight {unknown}
Scrolls
 h - a scroll of recharging {unknown}
 i - a scroll of remove curse {unknown}
 m - a scroll of noise {unknown}
 o - a scroll of teleportation {unknown}
 p - 2 scrolls of identify {unknown}
Potions
 d - a potion of might
 e - 5 potions of curing {unknown}
 j - a potion of cure mutation {unknown}
 k - a potion of lignification {unknown}
 l - 2 potions of heal wounds {unknown}
 n - 2 potions of degeneration {unknown}
 q - a potion of berserk rage
 u - 2 potions of mutation {unknown}
Comestibles
 f - a bread ration
 g - 3 beef jerkies
 r - a slice of pizza
 t - a royal jelly
 x - a chunk of flesh


   Skills:
 + Level 4.1(3.8) Fighting
 + Level 3.2(2.8) Maces & Flails
 + Level 4.7(4.3) Armour
 + Level 2.5(2.2) Dodging
 + Level 4.9(4.5) Shields


You had 4 spell levels left.
You didn't know any spells.

Dungeon Overview and Level Annotations

Branches:
Dungeon (3/15)

Altars:
Elyvilon

Annotations:
D:3 Crazy Yiuf


Innate Abilities, Weirdness & Mutations

You reflexively headbutt those who attack you in melee.
You have a pair of horns on your head.


Message History

Crazy Yiuf barely misses you. You furiously retaliate!
You headbutt Crazy Yiuf. You block Crazy Yiuf's attack.
You hit Crazy Yiuf but do no damage.
Crazy Yiuf is almost dead.
You block Crazy Yiuf's attack. x2
You closely miss Crazy Yiuf.
You headbutt Crazy Yiuf, but do no damage.
Crazy Yiuf is almost dead.
Crazy Yiuf hits you with a quarterstaff of chaos.
* * * LOW HITPOINT WARNING * * *
Your shield and scale mail prevent you from hitting Crazy Yiuf.
Crazy Yiuf is almost dead.
Crazy Yiuf sings, "Trees, trees, trees, circus!"
Crazy Yiuf hits you with a quarterstaff of chaos.
* * * LOW HITPOINT WARNING * * *
Crazy Yiuf burns you.
* * * LOW HITPOINT WARNING * * *
Crazy Yiuf whimpers, "Gum wrapper ladder!"
Crazy Yiuf hits you with a quarterstaff of chaos.
You die...

########### #..........
###♣♣♣♣♣ ###########
##....♣.♣♣♣ ####
##......♣..♣#...# ####
#......♣♣♣♣.@g..# #...
#.....♣♣ ♣♣#..)# ###.#.
#.###♣♣ #### ######...#. #.#
#......###. #.# #..........
#.############### #.###.....(
#.............#.# #.........(
##########.####.#######....(.
#..........# #......


You could see Crazy Yiuf.

Vanquished Creatures
  An orc priest (D:3)
  An orc wizard (D:3)
  4 adders
  An ooze (D:2)
  A worm (D:3)
  A dart slug (D:2)
  2 giant geckos
  3 orcs (D:3)
  8 bats
  3 giant cockroaches
  3 goblins
  9 hobgoblins
  3 jackals (D:2)
  A quokka (D:2)
  2 giant newts (D:2)
  9 kobolds
  10 rats
62 creatures vanquished.

Notes
Turn   | Place    | Note
-------+----------+-------------------------------------------
     0 | D:1      | st0uf the Minotaur Fighter began the quest for the Orb.
     0 | D:1      | Reached XP level 1. HP: 19/19 MP: 0/0
     0 | D:1      | Noticed an octopode
     2 | D:1      | Noticed a minotaur skeleton
     6 | D:1      | Noticed a dwarf
     8 | D:1      | Noticed a vampire
    10 | D:1      | Noticed a vampire
    12 | D:1      | Noticed an ogre
    14 | D:1      | Noticed a vampire
    14 | D:1      | Noticed a minotaur
    16 | D:1      | Noticed a spriggan
   183 | D:1      | Reached XP level 2. HP: 27/27 MP: 1/1
   409 | D:2      | Found a white marble altar of Elyvilon.
   525 | D:2      | Reached XP level 3. HP: 11/33 MP: 2/2
   890 | D:2      | Reached skill level 1 in Dodging
   990 | D:2      | Reached XP level 4. HP: 36/40 MP: 3/3
  1289 | D:3      | HP: 1/40 [orc wizard/magic dart (5)]
  1295 | D:3      | Reached XP level 5. HP: 3/46 MP: 4/4
  1901 | D:3      | Found a runed door.
  1905 | D:3      | Noticed Crazy Yiuf
  1921 | D:3      | Slain by Crazy Yiuf

Vault maps used:
D:1:      shiori_arrival_whats_in_store_for_you
D:2:      elyvilon_altar_4
D:3:      uniq_crazy_yiuf_cottage

Skill      XL: |  1  2  3  4 |
---------------+-------------+-----
Armour         | 4 |  4.7
Fighting       | 4 |  4.1
Dodging        | 1 2 |  2.5
Shields        | 4 |  4.9
Maces & Flails | 3 |  3.2

Action                   |  1- 3 |  4- 6 || total
-------------------------+-------+-------++-------
Melee: Flail             |   111 |    90 ||   201
       Headbutt          |    17 |    14 ||    31
  Use: Potion            |       |     1 ||     1
  Eat: Chunk             |       |     4 ||     4
Armor: Scale mail        |    60 |    34 ||    94
Dodge: Dodged            |    39 |    35 ||    74
Block: Shield            |    62 |    61 ||   123
